 Dungeon Crawl Stone Soup version 0.21.1-1-g345015f (webtiles) character file.

5579 tidbits the Magician (level 10, -29/74 HPs)
             Began as a Gnoll Ice Elementalist on Apr 1, 2018.
             Was a Priest of Cheibriados.
             Annihilated by a white ugly thing (49 damage)
             ... on level 11 of the Dungeon.
             The game lasted 00:33:48 (3156 turns).

tidbits the Magician (Gnoll Ice Elementalist)       Turns: 3156, Time: 00:33:49

Health: -29/74     AC: 18    Str: 16    XL:     10   Next: 72%
Magic:  3/21       EV: 17    Int: 31    God:    Cheibriados [***...]
Gold:   301        SH:  0    Dex: 23    Spells: 10/24 levels left

rFire    . . .     SeeInvis .   X - +3 rapier "Napy" {elec, rC- MR++ Int+4} (curse)
rCold    x . .     Gourm    .   (no shield)
rNeg     . . .     Faith    +   B - +0 troll leather armour
rPois    .         Spirit   .   E - +0 helmet
rElec    .         Reflect  .   C - +2 cloak
rCorr    .         Harm     .   (no gloves)
MR       ++...                  F - +0 pair of boots
Stlth    ++++......             m - amulet of faith
HPRegen  0.62/turn              k - -2 ring of strength (curse)
MPRegen  0.17/turn              W - ring of wizardry

@: icy armour, drained, very slow
A: distributed training, fangs 1, strong nose
a: Bend Time, Temporal Distortion, Renounce Religion


You were on level 11 of the Dungeon.
You worshipped Cheibriados.
Cheibriados was most pleased with you.
You were very hungry.

You visited 2 branches of the dungeon, and saw 12 of its levels.

You collected 488 gold pieces.
You spent 187 gold pieces at shops.

Inventory:

Hand Weapons
 a - a +0 dagger
 b - a +2 hand axe of electrocution
   (You found it on level 1 of the Dungeon)
 p - a +0 morningstar
 w - a +0 shortbow
 D - a cursed -3 hand crossbow
 Q - a +2 dire flail of freezing
   (You took it off a wight on level 7 of the Dungeon)
 X - the cursed +3 rapier "Napy" (weapon) {elec, rC- MR++ Int+4}
   (You found it on level 9 of the Dungeon)

   Occasionally, upon striking a foe, it will discharge some electrical energy
   and cause terrible harm.
   It affects your intelligence (+4).
   It makes you vulnerable to cold.
   It affects your resistance to hostile enchantments.
   It has a curse placed upon it.
Missiles
 f - a stone
 x - 118 arrows
 y - a throwing net {!f}
 P - 13 bolts
 R - 3 tomahawks (quivered)
Armour
 l - a +2 leather armour of poison resistance
   (You took it off an orc on level 4 of the Dungeon)
 B - a +0 troll leather armour (worn)
 C - a +2 cloak (worn)
 E - a +0 helmet (worn)
 F - a +0 pair of boots (worn)
 T - a +0 robe of resistance
   (You took it off a wight on level 8 of the Dungeon)
Jewellery
 h - an uncursed ring of ice
   (You found it on level 2 of the Dungeon)
 k - a cursed -2 ring of strength (left hand)
   (You found it on level 10 of the Dungeon)
 m - an amulet of faith (around neck)
   (You took it off a goblin on level 1 of the Dungeon)
 K - an uncursed ring of poison resistance
   (You found it on level 3 of the Dungeon)
 O - an uncursed ring of teleportation
   (You took it off a big kobold on level 7 of the Dungeon)
 W - a ring of wizardry (right hand)
   (You found it on level 4 of the Dungeon)
Wands
 d - a wand of digging (32)
 L - a wand of paralysis (7)
 Y - a wand of iceblast (29)
Scrolls
 g - 3 scrolls of amnesia
 n - 6 scrolls of teleportation
 q - 3 scrolls of fear
 r - a scroll of summoning {unknown}
 A - 2 scrolls of magic mapping
 H - 3 scrolls of blinking
 J - 3 scrolls of enchant weapon
 M - a scroll of enchant armour {unknown}
 U - a scroll of noise
 V - a scroll of fog
Potions
 e - 3 potions of mutation {unknown}
 j - 4 potions of curing
 t - a potion of ambrosia
 u - a potion of heal wounds
 v - 2 potions of agility
 G - 3 potions of flight {unknown}
 I - a potion of degeneration {unknown}
 N - a potion of haste
 S - a potion of cancellation
 Z - a potion of brilliance
Books
 i - a book of Callings
   (You found it on level 9 of the Dungeon)

   Spells                             Type                      Level
   a - Summon Small Mammal            Summoning                    1
   b - Call Imp                       Summoning                    2
   c - Call Canine Familiar           Summoning                    3
   d - Summon Guardian Golem          Hexes/Summoning              3
   e - Summon Lightning Spire         Summoning/Air                4
   f - Summon Ice Beast               Ice/Summoning                4
 o - a book of Frost

   Spells                             Type                      Level
   a - Freeze                         Ice                          1
   b - Throw Frost                    Conjuration/Ice              2
   c - Ozocubu's Armour               Charms/Ice                   3
   d - Throw Icicle                   Conjuration/Ice              4
   e - Summon Ice Beast               Ice/Summoning                4
Miscellaneous
 s - a lightning rod (3/4)
Comestibles
 c - 15 rations


   Skills:
 + Level 5.4(4.8) Fighting
 + Level 5.4(4.8) Short Blades
 + Level 5.4(4.8) Long Blades
 + Level 5.4(4.8) Axes
 + Level 5.4(4.8) Maces & Flails
 + Level 5.4(4.8) Polearms
 + Level 5.4(4.8) Staves
 + Level 5.4(4.8) Slings
 + Level 5.4(4.8) Bows
 + Level 5.4(4.8) Crossbows
 + Level 5.4(4.8) Throwing
 + Level 5.4(4.8) Armour
 + Level 7.2(6.5) Dodging
 + Level 6.9(6.3) Stealth
 + Level 5.4(4.8) Shields
 + Level 5.4(4.8) Unarmed Combat
 + Level 7.5(6.8) Spellcasting
 + Level 5.0(4.4) Conjurations
 + Level 4.5(3.8) Hexes
 + Level 4.5(3.8) Charms
 + Level 4.5(3.8) Summonings
 + Level 4.5(3.8) Necromancy
 + Level 4.5(3.8) Translocations
 + Level 4.5(3.8) Transmutations
 + Level 4.5(3.8) Fire Magic
 + Level 7.2(6.5) Ice Magic
 + Level 4.5(3.8) Air Magic
 + Level 4.5(3.8) Earth Magic
 + Level 4.5(3.8) Poison Magic
 + Level 6.0(5.3) Invocations
 + Level 5.4(4.8) Evocations


You had 10 spell levels left.
You knew the following spells:

 Your Spells              Type           Power        Failure   Level  Hunger
a - Freeze                Ice            ####         1%          1    None
j - Throw Frost           Conj/Ice       #####.       1%          2    None
o - Ozocubu's Armour      Chrm/Ice       #####...     1%          3    None
x - Summon Ice Beast      Ice/Summ       #####...     2%          4    ##.....
L - Summon Lightning Spi  Summ/Air       ####....     4%          4    ##.....


Dungeon Overview and Level Annotations

Branches:
Dungeon (11/15)            Temple (1/1) D:6
   Lair: D:8-11         Orc: D:9-12

Altars:
Ashenzari
Cheibriados
Dithmenos
Elyvilon
Fedhas
Gozag
Hepliaklqana
Kikubaaqudgha
Makhleb
Okawaru
Qazlal
Ru
Trog
Wu Jian
Xom
The Shining One

Shops:
D:5 ?   D:7 :(!


Innate Abilities, Weirdness & Mutations

Your experience applies equally to all skills.
You have very sharp teeth.
Your uncanny sense of smell can sniff out nearby items.


Message History

You are feeling very hungry.
You puncture the hound!
The hound is heavily wounded.
The hound moves out of view.
The hound bites you but does no damage.
Unknown command.
You closely miss the hound.
The hound is heavily wounded.
The hound closely misses you.
Your lightning spire shoots out a bolt of lightning at the hound!
The bolt of electricity hits the hound.
The hound dies!
Cheibriados thoroughly appreciates the change of pace.
You barely miss the hound. Your bite misses the hound.
The hound is heavily wounded.
The hound bites you but does no damage.
You hit the hound.
The hound is severely wounded.
The hound closely misses you. The hound barely misses you.
The hound misses you. The hound completely misses you.
You puncture the hound!
You kill the hound!
Cheibriados thoroughly appreciates the change of pace.
The hound pauses to sniff the ground.
The hound bites you but does no damage.
Your lightning spire shoots out a bolt of lightning at the hound!
The bolt of electricity hits the hound.
You hit the hound. Lightning courses through the hound!
You kill the hound!
Cheibriados thoroughly appreciates the change of pace.
Your lightning spire shoots out a bolt of lightning at the troll!
The bolt of electricity hits the troll.
You puncture the troll!
The troll is heavily wounded.
The troll bites you but does no damage. The troll claws you but does no damage.
The troll claws you!
Your lightning spire shoots out a bolt of lightning at the troll!
The bolt of electricity hits the troll.
Cheibriados thoroughly appreciates the change of pace.
You feel a bit more experienced.
You puncture the troll! You punch the troll.
The troll is almost dead.
The troll barely misses you. The troll misses you. The troll claws you!
You puncture the troll! Lightning courses through the troll!
You kill the troll!
Cheibriados thoroughly appreciates the change of pace.
The troll leather armour is intact enough to wear.
Your base Invocations skill increases to level 6!
An electric eel comes into view.
A white ugly thing comes into view.
There is an open door here.
Items here: [[ ††† a +0 troll leather armour x2; a troll corpse; a hound corpse; a troll corpse Unknown command.
Evoke which item? (* to show all) (? for menu, Esc to quit)
Aiming: Iceblast
Press: ? - help, Shift-Dir - straight line The mass of ice explodes!
The iceblast engulfs the electric eel.
You kill the electric eel!
Cheibriados appreciates the change of pace.
You hear a splash.
The iceblast engulfs the white ugly thing.
The white ugly thing partially resists.
The white ugly thing is moderately wounded.
You hear a shout! x2
Your lightning spire disappears in a puff of smoke!
Casting: Summon Lightning Spire
Confirm with . or Enter, or press ? or * to list all spells.
Aiming: Summon Lightning Spire
Press: ? - help, Dir - move target cursor An electric hum fills the air.
Your lightning spire shoots out a bolt of lightning at the white ugly thing!
The bolt of electricity hits the white ugly thing.
The white ugly thing headbutts your lightning spire!
The white ugly thing freezes your lightning spire.
Your lightning spire resists.
Press: ? - help, v - describe, . - travel The floor, spattered with blood.
Casting: Summon Lightning Spire
Confirm with . or Enter, or press ? or * to list all spells.
A chill wind blows around you.
Your lightning spire shoots out a bolt of lightning at the white ugly thing!
The bolt of electricity hits the white ugly thing.
The white ugly thing headbutts your lightning spire!
Your lightning spire is destroyed!
The white ugly thing gurgles horribly!
Casting: Summon Ice Beast
Confirm with . or Enter, or press ? or * to list all spells.
Aiming: Summon Lightning Spire
Press: ? - help, Dir - move target cursor An electric hum fills the air.
The white ugly thing headbutts you. The white ugly thing freezes you!!
You feel a terrible chill!
* * * LOW HITPOINT WARNING * * *
Your ice beast hits the white ugly thing but does no damage.
You puncture the white ugly thing!
The white ugly thing is severely wounded.
The white ugly thing headbutts you!
* * * LOW HITPOINT WARNING * * *
The white ugly thing freezes you!!!
You feel a terrible chill!
Ouch! That really hurt!
You die...

≈...≈≈≈..+..........#
#..
≈.≈≈≈≈≈..#..........#
#..
≈.≈≈≈..≈.#..........#
###
≈.≈≈≈≈$..#########'##
≈(≈≈≈†≈..# #..#
≈?≈≈≈≈≈†.# ##.#
..≈≈...†.##########'##
..........#Y.........#
.........†u@.........#
....#.....#..........#
... +.#####8.........#
.. ## #..........#
############


You could see a white ugly thing, a friendly ice beast and a friendly lightning
spire.

Vanquished Creatures
  Pikel (D:8)
  Maurice (D:10)
  3 trolls
  2 orc warriors
  A sky beast (D:11)
  3 centaurs
  3 ogres (D:6)
  A big kobold (D:7)
  2 bullfrogs
  5 wights
  An electric eel (D:11)
  2 crimson imps
  5 hounds
  3 jellies
  5 orc priests
  5 orc wizards
  3 iguanas (D:7)
  3 worker ants
  A hound skeleton (D:6)
  A howler monkey zombie (D:9)
  Robin (D:2)
  A howler monkey skeleton (D:9)
  8 adders
  A shadow imp (D:5)
  An adder skeleton (D:4)
  An adder zombie (D:9)
  2 worms (D:2)
  A dart slug (D:2)
  2 leopard geckos
  25 orcs
  A ball python (D:4)
  6 giant cockroaches
  16 goblins
  4 hobgoblins
  11 jackals
  3 quokkas
  A ball python skeleton (D:4)
  4 bats
  4 frilled lizards
  4 kobolds
  A quokka skeleton (D:4)
  6 rats
155 creatures vanquished.

Vanquished Creatures (collateral kills)
  3 two-headed ogres
  The ghost of Kairos the Shield-Bearer, a novice HuFi of Okawaru (D:5)
  Psyche (D:8)
  A sky beast (D:5)
  2 ogres
  2 centaurs
  2 bullfrogs
  A scorpion (D:5)
  2 killer bees (D:11)
  2 wights
  A jelly (D:9)
  A bullfrog skeleton (D:5)
  2 orc priests
  7 hounds
  2 orc wizards (D:6)
  A worker ant (D:7)
  3 gnolls (D:7)
  2 adders
  A shadow imp (D:7)
  A leopard gecko (D:6)
  9 orcs
  2 jackals (D:9)
  A kobold (D:7)
  A quokka (D:7)
51 creatures vanquished.

Grand Total: 206 creatures vanquished

Notes
Turn   | Place    | Note
-------+----------+-------------------------------------------
     0 | D:1      | tidbits the Gnoll Ice Elementalist began the quest for the Orb.
     0 | D:1      | Reached XP level 1. HP: 13/13 MP: 6/6
    27 | D:2      | Reached skill level 2 in Conjurations
    45 | D:2      | Reached XP level 2. HP: 7/19 MP: 2/7
    53 | D:2      | Learned a level 2 spell: Throw Frost
    74 | D:2      | Found a shadowy altar of Dithmenos.
    80 | D:2      | Noticed Robin
   107 | D:2      | Killed Robin
   107 | D:2      | Reached skill level 5 in Spellcasting
   107 | D:2      | Reached XP level 3. HP: 18/25 MP: 3/9
   141 | D:2      | Reached skill level 1 in Invocations
   159 | D:2      | Learned a level 3 spell: Ozocubu's Armour
   176 | D:2      | Found a white marble altar of Elyvilon.
   234 | D:2      | Reached skill level 1 in Fighting
   234 | D:2      | Reached skill level 1 in Short Blades
   234 | D:2      | Reached skill level 1 in Long Blades
   234 | D:2      | Reached skill level 1 in Axes
   234 | D:2      | Reached skill level 1 in Maces & Flails
   234 | D:2      | Reached skill level 1 in Polearms
   234 | D:2      | Reached skill level 1 in Staves
   234 | D:2      | Reached skill level 1 in Slings
   234 | D:2      | Reached skill level 1 in Bows
   234 | D:2      | Reached skill level 1 in Crossbows
   234 | D:2      | Reached skill level 1 in Throwing
   234 | D:2      | Reached skill level 1 in Armour
   234 | D:2      | Reached skill level 1 in Shields
   234 | D:2      | Reached skill level 1 in Unarmed Combat
   234 | D:2      | Reached skill level 1 in Evocations
   235 | D:2      | Found a shattered altar of Ashenzari.
   255 | D:2      | Reached XP level 4. HP: 23/32 MP: 11/11
   274 | D:2      | Found an ancient bone altar of Kikubaaqudgha.
   469 | D:3      | Reached skill level 1 in Hexes
   469 | D:3      | Reached skill level 1 in Charms
   469 | D:3      | Reached skill level 1 in Summonings
   469 | D:3      | Reached skill level 1 in Necromancy
   469 | D:3      | Reached skill level 1 in Translocations
   469 | D:3      | Reached skill level 1 in Transmutations
   469 | D:3      | Reached skill level 1 in Fire Magic
   469 | D:3      | Reached skill level 1 in Air Magic
   469 | D:3      | Reached skill level 1 in Earth Magic
   469 | D:3      | Reached skill level 1 in Poison Magic
   497 | D:3      | Reached XP level 5. HP: 19/37 MP: 3/12
   554 | D:4      | Found an iron altar of Okawaru.
   591 | D:4      | Learned a level 4 spell: Summon Ice Beast
   604 | D:4      | Reached XP level 6. HP: 32/44 MP: 9/13
   608 | D:4      | Reached skill level 2 in Invocations
   625 | D:4      | Reached skill level 2 in Fighting
   625 | D:4      | Reached skill level 2 in Short Blades
   625 | D:4      | Reached skill level 2 in Long Blades
   625 | D:4      | Reached skill level 2 in Axes
   625 | D:4      | Reached skill level 2 in Maces & Flails
   625 | D:4      | Reached skill level 2 in Polearms
   625 | D:4      | Reached skill level 2 in Staves
   625 | D:4      | Reached skill level 2 in Slings
   625 | D:4      | Reached skill level 2 in Bows
   625 | D:4      | Reached skill level 2 in Crossbows
   625 | D:4      | Reached skill level 2 in Throwing
   625 | D:4      | Reached skill level 2 in Armour
   625 | D:4      | Reached skill level 5 in Dodging
   625 | D:4      | Reached skill level 2 in Shields
   625 | D:4      | Reached skill level 2 in Unarmed Combat
   625 | D:4      | Reached skill level 2 in Evocations
   633 | D:4      | Found a burning altar of Makhleb.
   633 | D:4      | Found an opulent altar of Gozag.
   639 | D:4      | Found an ornate altar of the Wu Jian Council.
   680 | D:5      | Entered Level 5 of the Dungeon
   696 | D:5      | Noticed a sky beast
   779 | D:6      | Reached XP level 7. HP: 24/50 MP: 7/15
   786 | D:7      | Found Hagorph's Distillery.
   803 | D:7      | Bought a potion of ambrosia for 88 gold pieces
   803 | D:7      | Bought a potion of heal wounds for 55 gold pieces
   803 | D:7      | Bought a potion of agility for 44 gold pieces
   816 | D:7      | Found Lam Lerchump's Antique Weapon Shop.
   850 | D:7      | Reached skill level 2 in Hexes
   850 | D:7      | Reached skill level 2 in Charms
   850 | D:7      | Reached skill level 2 in Summonings
   850 | D:7      | Reached skill level 2 in Necromancy
   850 | D:7      | Reached skill level 2 in Translocations
   850 | D:7      | Reached skill level 2 in Transmutations
   850 | D:7      | Reached skill level 2 in Fire Magic
   850 | D:7      | Reached skill level 2 in Air Magic
   850 | D:7      | Reached skill level 2 in Earth Magic
   850 | D:7      | Reached skill level 2 in Poison Magic
   859 | D:7      | Reached skill level 3 in Conjurations
   896 | D:7      | Reached skill level 5 in Stealth
   896 | D:7      | Reached skill level 3 in Invocations
  1019 | D:5      | Noticed Kairos's ghost (novice HuFi)
  1041 | D:5      | Killed Kairos's ghost
  1041 | D:5      | Reached skill level 3 in Fighting
  1041 | D:5      | Reached skill level 3 in Short Blades
  1041 | D:5      | Reached skill level 3 in Long Blades
  1041 | D:5      | Reached skill level 3 in Axes
  1041 | D:5      | Reached skill level 3 in Maces & Flails
  1041 | D:5      | Reached skill level 3 in Polearms
  1041 | D:5      | Reached skill level 3 in Staves
  1041 | D:5      | Reached skill level 3 in Slings
  1041 | D:5      | Reached skill level 3 in Bows
  1041 | D:5      | Reached skill level 3 in Crossbows
  1041 | D:5      | Reached skill level 3 in Throwing
  1041 | D:5      | Reached skill level 3 in Armour
  1041 | D:5      | Reached skill level 3 in Shields
  1041 | D:5      | Reached skill level 3 in Unarmed Combat
  1041 | D:5      | Reached skill level 6 in Ice Magic
  1041 | D:5      | Reached skill level 3 in Evocations
  1041 | D:5      | Reached XP level 8. HP: 54/58 MP: 5/16
  1111 | D:5      | Found Foiniunt's Magic Scroll Shop.
  1141 | D:5      | Reached skill level 6 in Spellcasting
  1322 | D:4      | Found a glowing golden altar of the Shining One.
  1554 | D:4      | Got a spiked ring mail
  1561 | D:4      | Identified the +1 ring mail of the Pure Tables {rC- Dex+8 SInv Stlth+} (You found it on level 4 of the Dungeon)
  1743 | D:6      | Found a staircase to the Ecumenical Temple.
  1750 | Temple   | Entered the Ecumenical Temple
  1757 | Temple   | Became a worshipper of Cheibriados the Contemplative
  1784 | D:6      | Found a shimmering altar of Xom.
  1820 | D:6      | Found a sacrificial altar of Ru.
  1875 | D:6      | Reached skill level 4 in Invocations
  1887 | D:6      | Reached skill level 3 in Hexes
  1887 | D:6      | Reached skill level 3 in Charms
  1887 | D:6      | Reached skill level 3 in Summonings
  1887 | D:6      | Reached skill level 3 in Necromancy
  1887 | D:6      | Reached skill level 3 in Translocations
  1887 | D:6      | Reached skill level 3 in Transmutations
  1887 | D:6      | Reached skill level 3 in Fire Magic
  1887 | D:6      | Reached skill level 3 in Air Magic
  1887 | D:6      | Reached skill level 3 in Earth Magic
  1887 | D:6      | Reached skill level 3 in Poison Magic
  1926 | D:7      | Reached skill level 6 in Dodging
  1926 | D:7      | Reached XP level 9. HP: 55/65 MP: 11/18
  1978 | D:7      | Reached * piety under Cheibriados
  1987 | D:7      | Found Abuakea's Book Boutique.
  2083 | D:8      | Noticed Psyche
  2092 | D:8      | Killed Psyche
  2092 | D:8      | Reached skill level 4 in Fighting
  2092 | D:8      | Reached skill level 4 in Short Blades
  2092 | D:8      | Reached skill level 4 in Long Blades
  2092 | D:8      | Reached skill level 4 in Axes
  2092 | D:8      | Reached skill level 4 in Maces & Flails
  2092 | D:8      | Reached skill level 4 in Polearms
  2092 | D:8      | Reached skill level 4 in Staves
  2092 | D:8      | Reached skill level 4 in Slings
  2092 | D:8      | Reached skill level 4 in Bows
  2092 | D:8      | Reached skill level 4 in Crossbows
  2092 | D:8      | Reached skill level 4 in Throwing
  2092 | D:8      | Reached skill level 4 in Armour
  2092 | D:8      | Reached skill level 4 in Shields
  2092 | D:8      | Reached skill level 4 in Unarmed Combat
  2092 | D:8      | Reached skill level 4 in Conjurations
  2092 | D:8      | Reached skill level 4 in Evocations
  2178 | D:8      | Noticed a two-headed ogre
  2187 | D:8      | Killed a two-headed ogre
  2187 | D:8      | Reached skill level 6 in Stealth
  2247 | D:9      | Got an ebony rapier
  2248 | D:9      | Identified the cursed +3 rapier "Napy" {elec, rC- MR++ Int+4} (You found it on level 9 of the Dungeon)
  2296 | D:8      | Noticed Pikel
  2305 | D:8      | Killed Pikel
  2305 | D:8      | Reached skill level 5 in Invocations
  2370 | D:9      | Noticed a two-headed ogre
  2377 | D:9      | Killed a two-headed ogre
  2377 | D:9      | Reached skill level 7 in Spellcasting
  2377 | D:9      | Reached skill level 4 in Hexes
  2377 | D:9      | Reached skill level 4 in Charms
  2377 | D:9      | Reached skill level 4 in Summonings
  2377 | D:9      | Reached skill level 4 in Necromancy
  2377 | D:9      | Reached skill level 4 in Translocations
  2377 | D:9      | Reached skill level 4 in Transmutations
  2377 | D:9      | Reached skill level 4 in Fire Magic
  2377 | D:9      | Reached skill level 4 in Air Magic
  2377 | D:9      | Reached skill level 4 in Earth Magic
  2377 | D:9      | Reached skill level 4 in Poison Magic
  2377 | D:9      | Reached XP level 10. HP: 54/73 MP: 7/20
  2409 | D:9      | Reached ** piety under Cheibriados
  2437 | D:9      | Learned a level 4 spell: Summon Lightning Spire
  2476 | D:10     | Entered Level 10 of the Dungeon
  2691 | D:10     | Noticed Maurice
  2698 | D:10     | Killed Maurice
  2698 | D:10     | Reached skill level 5 in Fighting
  2698 | D:10     | Reached skill level 5 in Short Blades
  2698 | D:10     | Reached skill level 5 in Long Blades
  2698 | D:10     | Reached skill level 5 in Axes
  2698 | D:10     | Reached skill level 5 in Maces & Flails
  2698 | D:10     | Reached skill level 5 in Polearms
  2698 | D:10     | Reached skill level 5 in Staves
  2698 | D:10     | Reached skill level 5 in Slings
  2698 | D:10     | Reached skill level 5 in Bows
  2698 | D:10     | Reached skill level 5 in Crossbows
  2698 | D:10     | Reached skill level 5 in Throwing
  2698 | D:10     | Reached skill level 5 in Armour
  2698 | D:10     | Reached skill level 5 in Shields
  2698 | D:10     | Reached skill level 5 in Unarmed Combat
  2698 | D:10     | Reached skill level 5 in Evocations
  2727 | D:10     | Reached skill level 7 in Ice Magic
  2778 | D:10     | Noticed a two-headed ogre
  2784 | D:10     | Killed a two-headed ogre
  2784 | D:10     | Reached skill level 7 in Dodging
  2848 | D:10     | Found a stormy altar of Qazlal.
  3035 | D:11     | Reached *** piety under Cheibriados
  3135 | D:11     | Reached skill level 5 in Conjurations
  3149 | D:11     | Reached skill level 6 in Invocations
  3151 | D:11     | Noticed a white ugly thing
  3156 | D:11     | Annihilated by a white ugly thing

Skill      XL: |  1  2  3  4  5  6  7  8  9 10 |
---------------+-------------------------------+-----
Conjurations   | 2 3 4 5 |  5.0
Spellcasting   | 5 6 7 |  7.5
Invocations    | 1 2 3 4 5 6 |  6.0
Fighting       | 1 2 3 4 5 |  5.4
Short Blades   | 1 2 3 4 5 |  5.4
Long Blades    | 1 2 3 4 5 |  5.4
Axes           | 1 2 3 4 5 |  5.4
Maces & Flails | 1 2 3 4 5 |  5.4
Polearms       | 1 2 3 4 5 |  5.4
Staves         | 1 2 3 4 5 |  5.4
Slings         | 1 2 3 4 5 |  5.4
Bows           | 1 2 3 4 5 |  5.4
Crossbows      | 1 2 3 4 5 |  5.4
Throwing       | 1 2 3 4 5 |  5.4
Armour         | 1 2 3 4 5 |  5.4
Shields        | 1 2 3 4 5 |  5.4
Unarmed Combat | 1 2 3 4 5 |  5.4
Evocations     | 1 2 3 4 5 |  5.4
Hexes          | 1 2 3 4 |  4.5
Charms         | 1 2 3 4 |  4.5
Summonings     | 1 2 3 4 |  4.5
Necromancy     | 1 2 3 4 |  4.5
Translocations | 1 2 3 4 |  4.5
Transmutations | 1 2 3 4 |  4.5
Fire Magic     | 1 2 3 4 |  4.5
Air Magic      | 1 2 3 4 |  4.5
Earth Magic    | 1 2 3 4 |  4.5
Poison Magic   | 1 2 3 4 |  4.5
Dodging        | 5 6 7 |  7.2
Stealth        | 5 6 |  6.9
Ice Magic      | 6 7 |  7.2

Action                   |  1- 3 |  4- 6 |  7- 9 | 10-12 || total
-------------------------+-------+-------+-------+-------++-------
Melee: Unarmed           |    27 |       |       |       ||    27
       Dagger            |     7 |     6 |     3 |       ||    16
       Bite              |     2 |     4 |    15 |     5 ||    26
       Hand axe          |       |    45 |   148 |       ||   193
       Punch             |       |       |     3 |     1 ||     4
       Mace              |       |       |     3 |       ||     3
       Rapier            |       |       |    20 |    71 ||    91
Throw: Stone             |       |     2 |     1 |     7 ||    10
       Tomahawk          |       |       |       |     5 ||     5
 Cast: Freeze            |    19 |    27 |       |       ||    46
       Throw Frost       |     1 |       |       |       ||     1
       Ozocubu's Armour  |       |     3 |    23 |     7 ||    33
       Summon Ice Beast  |       |     4 |    27 |     6 ||    37
       Summon Lightning  |       |       |       |     4 ||     4
Evoke: Wand              |       |       |       |     4 ||     4
       Lightning rod     |       |       |       |     2 ||     2
  Use: Potion            |     1 |     1 |       |       ||     2
       Scroll            |       |     4 |     8 |     4 ||    16
 Stab: Sleeping          |     2 |     5 |    10 |     3 ||    20
       Distracted        |       |       |     2 |       ||     2
       Paralysed         |       |       |       |     1 ||     1
  Eat: Chunk             |       |       |     8 |     2 ||    10
Armor: Skin              |    27 |       |       |       ||    27
       Robe              |     2 |    24 |    10 |       ||    36
       Leather armour    |       |       |    58 |    16 ||    74
       Troll leather arm |       |       |       |    20 ||    20
Dodge: Dodged            |    19 |    77 |   199 |    56 ||   351

Table legend:
 A = Turns spent in this place as a percentage of turns spent in the entire game.
 B = Non-inter-level travel turns spent in this place as a percentage of non-inter-level travel turns spent in the entire game.
 C = Inter-level travel turns spent in this place as a percentage of turns spent in this place.
 D = Turns resting spent in this place as a percentage of non-inter-level travel turns spent in this place.
 E = Turns spent auto-exploring this place as a percentage of non-inter-level travel turns spent in this place.
 F = Non-inter-level travel turns spent in this place divided by the number of levels of this place that you've seen.
                   A       B       C       D       E      F
               +-------+-------+-------+-------+-------+----------------------
         Total | 100.0 | 100.0 |   1.1 |   0.0 |   0.0 | 260.2
       Dungeon |  99.5 |  99.5 |   1.1 |   0.0 |   0.0 | 282.5
        Temple |   0.5 |   0.5 |   0.0 |   0.0 |   0.0 |  15.0
               +-------+-------+-------+-------+-------+----------------------

Table legend:
 A = Kills in this place as a percentage of kills in entire the game.
 B = Kills by you in this place as a percentage of kills by you in the entire game.
 C = Kills by friends in this place as a percentage of kills by friends in the entire game.
 D = Other kills in this place as a percentage of other kills in the entire game.
 E = Experience gained in this place as a percentage of experience gained in the entire game.
 F = Experience gained in this place divided by the number of levels of this place that you have seen.
                   A       B       C       D       E      F
               +-------+-------+-------+-------+-------+----------------------
         Total | 100.0 | 100.0 | 100.0 |   N/A | 100.0 | 664.2
       Dungeon | 100.0 | 100.0 | 100.0 |   N/A | 100.0 | 724.6
               +-------+-------+-------+-------+-------+----------------------

Vault maps used:
D:1:      zaba_arrival_water, minmay_small_reverse_x
D:2:      nicolae_ashenzari_panopticon, elyvilon_altar_4,
          kiku_gazebo_pond_becter, grunt_dithmenos_smoke, uniq_robin
D:3:      lemuel_doored_altar
D:4:      lemuel_round_altar, kennysheep_little_box, overflow_temple_1_default,
          gammafunk_temple_overflow_wave, first_ration, tgw_sif
D:5:      serial_shops, nicolae_shop_trees
D:6:      xom_teletrap_fun, old_standard_altar, temple_green
D:7:      serial_shops, nicolae_shop_waterfront, shop, shop_statue, shop,
          nicolae_shop_behind_doors, kennysheep_okawaru_gauntlet
D:8:      uniq_psyche, uniq_pikel
D:9:      kennysheep_blocky_hall
D:10:     grunt_ogre_cave, grunt_qazlal_clouds, uniq_maurice
D:11:     erik_lair_island, kennysheep_generic_room_4
Temple:   compressed_dpeg_triangle_lava_temple
